 Dungeon Crawl Stone Soup version 0.27-a0-773-gaaee5cf45b (webtiles) character file.

Game seed: 16885417459024031519

508 leviel the Shield-Bearer (level 6, -12/56 HPs)
             Began as a Minotaur Fighter on Mar 26, 2021.
             Mangled by an ogre
             ... wielding a +0 giant spiked club
              (22 damage)
             ... on level 5 of the Dungeon.
             The game lasted 00:07:54 (5233 turns).

leviel the Shield-Bearer (Minotaur Fighter)         Turns: 5233, Time: 00:07:55

Health: -12/56     AC:  7    Str: 23    XL:     6   Next: 98%
Magic:  5/5        EV:  8    Int:  5    God:
Gold:   76         SH:  0    Dex:  9    Spells: 5/5 levels left

rFire    . . .     SeeInvis .   a - +0 long sword
rCold    . . .     Faith    .   c - +0 kite shield
rNeg     . . .     Spirit   .   b - +0 scale mail
rPois    .         Reflect  .   (helmet restricted)
rElec    .         Harm     .   (no cloak)
rCorr    .         Rampage  .   (no gloves)
Will     .....                  (no boots)
Stlth    ..........             (no amulet)
HPRegen  0.18/turn              (no ring)
MPRegen  0.09/turn              (no ring)

@: confused, ambrosia-drunk
A: horns 2, retaliatory headbutt
a: no special abilities


You were on level 5 of the Dungeon.
You visited 1 branch of the dungeon, and saw 5 of its levels.

You collected 96 gold pieces.
You spent 20 gold pieces at shops.

Inventory:

Hand Weapons
 a - a +0 long sword (weapon)
Missiles
 e - 19 poisoned darts (quivered)
Armour
 b - a +0 scale mail (worn)
 c - a +0 kite shield (worn)
Wands
 h - a wand of flame (12)
Scrolls
 f - a scroll of teleportation
 g - a scroll of blinking {unknown}
 n - a scroll of silence
Potions
 d - a potion of might
 i - a potion of berserk rage {unknown}
 j - a potion of ambrosia
 k - a potion of attraction {unknown}
 l - a potion of heal wounds {unknown}
 m - a potion of brilliance {unknown}


   Skills:
 + Level 5.2 Fighting
 + Level 4.3 Long Blades
 + Level 2.2 Throwing
 + Level 5.2 Armour
 + Level 2.5 Dodging
 + Level 5.3 Shields


You had 5 spell levels left.
You didn't know any spells.
Your spell library contained the following spells:

 Spells                   Type           Power      Damage    Failure   Level
 Summon Small Mammal      Summ           0%         N/A       99%         1
 Call Imp                 Summ           0%         N/A       100%        2
 Call Canine Familiar     Summ           0%         N/A       100%        3
 Summon Guardian Golem    Hex/Summ       0%         N/A       100%        3
 Summon Ice Beast         Ice/Summ       0%         N/A       100%        4
 Summon Lightning Spire   Summ/Air       0%         N/A       100%        4


Dungeon Overview and Level Annotations

Branches:
Dungeon (5/15)
 Temple: D:4-7

Altars:
Nemelex Xobeh

Shops:
D:2 =   D:3 *   D:4 =

Annotations:
D:4 Grinder


Innate Abilities, Weirdness & Mutations

You have a pair of horns on your head.
You reflexively headbutt those who attack you in melee.


Message History

You see here an iguana corpse.
Found a stone staircase leading down.
Found an escape hatch in the floor.
No target in view!
You now have 76 gold pieces (gained 16).
f - a scroll of teleportation
Found 10 arrows.
Found 23 sling bullets.
An ogre comes into view. It is wielding a +0 giant spiked club.
Found a stone staircase leading up.
You throw a poisoned dart. The poisoned dart hits the ogre.
The ogre is poisoned.
You throw a poisoned dart.
The poisoned dart barely misses the ogre.
You throw a poisoned dart. The poisoned dart hits the ogre.
You throw a poisoned dart. The poisoned dart hits the ogre.
The ogre looks even sicker.
The ogre is lightly wounded.
You throw a poisoned dart.
The poisoned dart barely misses the ogre.
You block the ogre's attack.
You slash the ogre! Your headbutt misses the ogre.
The ogre is heavily wounded.
The ogre hits you with a +0 giant spiked club!
You barely miss the ogre.
You headbutt the ogre, but do no damage.
The ogre is heavily wounded.
You hear the rusting of a very distant drain.
The ogre hits you with a +0 giant spiked club!!
The ogre looks more healthy.
The ogre barely misses you.
You see here an iguana corpse.
You are too injured to fight recklessly!
You are too injured to fight recklessly!
It was a potion of ambrosia.
You are confused.
You feel invigorated.
The ogre hits you with a +0 giant spiked club!!
* * * LOW HITPOINT WARNING * * *
The ogre hits you with a +0 giant spiked club!!
You die...

#.)# ##.# ##.........#
##.# #.# ###........ .
#.# #.#######........ .
#.# #.....##....#....
.##.########.............
..............†.....#....
.#.....[.....#....#......
............##.O....#....
(...........##..@...###..
#...........##.......# .
##.........##....)......
##......>.......##......
#..###.........## .###..
#### #.####..... .. . ...
....... ### >.######....


You could see an ogre.

Vanquished Creatures
  A phantom (D:4)
  A howler monkey (D:4)
  A hound (D:5)
  An orc priest (D:5)
  A centaur skeleton (D:4)
  An iguana (D:5)
  Natasha (twice) (D:3)
  An orc wizard (D:3)
  3 gnolls (D:3)
  6 adders
  An adder skeleton (D:4)
  2 worms
  4 dart slugs
  10 orcs
  5 ball pythons
  6 bats
  8 endoplasms
  A giant cockroach (D:3)
  9 goblins
  9 hobgoblins
  8 kobolds
  4 quokkas
  16 frilled lizards
  7 rats
108 creatures vanquished.

Vanquished Creatures (others)
  13 plants
13 creatures vanquished.

Grand Total: 121 creatures vanquished

Notes
Turn   | Place    | Note
-------+----------+-------------------------------------------
     0 | D:1      | leviel the Minotaur Fighter began the quest for the Orb.
     0 | D:1      | Reached XP level 1. HP: 19/19 MP: 0/0
   100 | D:1      | Reached XP level 2. HP: 27/27 MP: 1/1
  1015 | D:2      | Reached XP level 3. HP: 27/33 MP: 2/2
  1142 | D:2      | Found Mubaujyl's Jewellery Shoppe.
  2311 | D:2      | Reached XP level 4. HP: 36/41 MP: 3/3
  2451 | D:3      | Found Qet Lal's Assorted Antiques.
  2465 | D:3      | Reached skill level 1 in Dodging
  2489 | D:3      | Found a faded altar of an unknown god.
  2805 | D:3      | Bought a fizzy golden potion for 20 gold pieces
  2902 | D:3      | Reached skill level 1 in Throwing
  2916 | D:3      | Reached XP level 5. HP: 45/47 MP: 4/4
  3380 | D:4      | Noticed Natasha
  3396 | D:3      | Killed Natasha
  3829 | D:3      | Noticed Natasha
  3836 | D:3      | Killed Natasha
  4365 | D:4      | Found Neokluad's Jewellery Boutique.
  4477 | D:4      | Noticed a phantom
  4478 | D:4      | Found a sparkling altar of Nemelex Xobeh.
  4493 | D:4      | Killed a phantom
  4494 | D:4      | Reached skill level 5 in Fighting
  4494 | D:4      | Reached skill level 5 in Shields
  4494 | D:4      | Reached XP level 6. HP: 29/56 MP: 5/5
  4645 | D:4      | Noticed Grinder
  4836 | D:4      | Reached skill level 5 in Armour
  4974 | D:5      | Entered Level 5 of the Dungeon
  5233 | D:5      | Mangled by an ogre

Illustrated notes

Levels and vault maps discovered:
D:1:      amcnicky_arrival_single_pillar, layout_basic, minmay_hedge_maze,
          minivault_25, minmay_lizard_king
D:2:      layout_basic, serial_bayou, serial_bayou_crossing,
          serial_bayou_lake_a, serial_bayou_pond_c, serial_bayou_pond_a,
          serial_bayou_pond_b, serial_bayou_pond_e, serial_shops, shop_statue,
          minmay_goblin_kobold_house
D:3:      layout_loops_ring, serial_shops, shop_statue,
          chequers_ecumenical_altar_simple, grunt_decor_cap
D:4:      layout_rooms, serial_shops, nicolae_shop_trees,
          nemelex_diamond_rough_becter, uniq_grinder, uniq_natasha
D:5:      layout_rooms, minmay_temple_entry_metal_lava,
          cheibrodos_sewer_entry_sluice

Skill      XL: |  1  2  3  4  5  6 |
---------------+-------------------+-----
Fighting       | 4 5 |  5.2
Shields        | 4 5 |  5.3
Armour         | 4 5 |  5.2
Long Blades    | 3 4 |  4.3
Dodging        | 1 2 |  2.5
Throwing       | 1 2 |  2.2

Action                   |  1- 3 |  4- 6 || total
-------------------------+-------+-------++-------
Melee: Long sword        |   127 |   164 ||   291
       Headbutt          |    17 |    33 ||    50
Throw: Dart              |       |    33 ||    33
Evoke: Wand              |       |     1 ||     1
  Use: Scroll            |     3 |     3 ||     6
       Potion            |       |     2 ||     2
Armor: Scale mail        |    58 |    84 ||   142
Dodge: Dodged            |    45 |    54 ||    99
Block: Kite shield       |    65 |    82 ||   147
       Rpst.: Long sword |    14 |    14 ||    28

Table legend: (Time is in decaauts)
 A = Elapsed time spent in this place.
 B = Non-inter-level travel time spent in this place.
 C = Inter-level travel time spent in this place.
 D = Time resting spent in this place.
 E = Time spent auto-exploring this place.
 F = Levels seen in this place.
 G = Mean time per level.
                   A        B        C        D        E       F      G
               +--------+--------+--------+--------+--------+-----+--------+
         Total |   5446 |   5310 |    136 |   1195 |   3235 |   5 | 1089.2 |
       Dungeon |   5446 |   5310 |    136 |   1195 |   3235 |   5 | 1089.2 |
               +--------+--------+--------+--------+--------+-----+--------+

Top non-repeatable levels by time:
     D:3: 2054 daAuts
     D:2: 1472 daAuts
     D:1: 1022 daAuts
     D:4: 630 daAuts
     D:5: 267 daAuts
